IL
IOWA CUBS @ LOUISVILLE BATS
05/04/2045
 
TOP OF THE 1ST
Iowa Cubs batting - Pitching for Louisville Bats : LHP Zach Masengill
Pitching: LHP Zach Masengill
Batting: SHB Tim Hone 0-0: Ball
1-0: SINGLE (Line Drive, 7S, EV 105.0 MPH)
Batting: LHB Barend van der Kamp 0-0: Called Strike
0-1: Fly out, F8 (Flyball, 8LM, EV 88.1 MPH)
Batting: RHB Francisco Ramirez 0-0: Ball
1-0: Ball
2-0: Ball
3-0: Called Strike
3-1: Foul Ball, location: 2F
3-2: Foul Ball, location: 2F
3-2: Strikes out looking
Tim Hone steals 2nd base
Batter strikes out.
Batting: LHB John Holst 0-0: Ball
1-0: Ball
2-0: Ground out U3 (Groundball, 3S, EV 80.0 MPH)
Top of the 1st over - 0 runs, 1 hit, 0 errors, 1 left on base; Iowa 0 - Louisville 0
BOTTOM OF THE 1ST
Louisville Bats batting - Pitching for Iowa Cubs : RHP Heriberto Esquivel
Pitching: RHP Heriberto Esquivel
Batting: SHB Paul Sandoval 0-0: Bunt missed!
0-1: Ball
1-1: SINGLE (Groundball, 56D, EV 101.9 MPH) (infield hit)
Batting: RHB Chase Briney 0-0: Ball
Paul Sandoval is caught stealing 2nd base 2-4
1-0: Foul Ball, location: 2F
1-1: Ball
2-1: Fly out, F9 (Flyball, 9S, EV 91.2 MPH)
Batting: LHB Randy Racine 0-0: Ball
1-0: Called Strike
1-1: Ball
2-1: Foul Ball, location: 2F
2-2: Ball
3-2: Foul Ball, location: 2F
3-2: Ground out 6-3 (Groundball, 6, EV 93.1 MPH)
Bottom of the 1st over - 0 runs, 1 hit, 0 errors, 0 left on base; Iowa 0 - Louisville 0
TOP OF THE 2ND
Iowa Cubs batting - Pitching for Louisville Bats : LHP Zach Masengill
Batting: RHB Shintaro Katsumata 0-0: Ball
1-0: Called Strike
1-1: Ball
2-1: Swinging Strike
2-2: Ground out 4-3 (Groundball, 4, EV 76.9 MPH)
Batting: LHB Chris Morgan 0-0: Ball
1-0: Ground out 6-3 (Groundball, 4MD, EV 97.5 MPH)
Batting: RHB Peter Croston 0-0: Fly out, F7 (Flyball, 7D, EV 99.4 MPH)
Top of the 2nd over - 0 runs, 0 hits, 0 errors, 0 left on base; Iowa 0 - Louisville 0
BOTTOM OF THE 2ND
Louisville Bats batting - Pitching for Iowa Cubs : RHP Heriberto Esquivel
Batting: LHB Chris Grunwald 0-0: Ball
1-0: Ball
2-0: Ball
3-0: Base on Balls
Batting: RHB Ricky Carbajal 0-0: Ball
1-0: Called Strike
Chris Grunwald steals 2nd base
1-1: Ground out 5-3 (Groundball, 56S, EV 87.5 MPH)
Batting: RHB Tim Wormell 0-0: Ball
Chris Grunwald steals 3rd base
1-0: Called Strike
1-1: Ball
2-1: Swinging Strike
2-2: Strikes out looking
Pitching: RHP Josh Ready
Batting: SHB Tim Utz 0-0: Called Strike
0-1: Ball
1-1: Called Strike
1-2: Foul Ball, location: 2F
1-2: Ball
2-2: Ball
3-2: Base on Balls
Batting: RHB Gerald de Vries 0-0: Ball
1-0: Ball
2-0: Ball
3-0: Base on Balls
Tim Utz to second
Batting: RHB Casey Truax 0-0: Foul Ball, location: 2F
0-1: Foul Ball, location: 2F
0-2: Ball
1-2: Ball
2-2: Ball
3-2: Strikes out looking
Bottom of the 2nd over - 0 runs, 0 hits, 0 errors, 3 left on base; Iowa 0 - Louisville 0
TOP OF THE 3RD
Iowa Cubs batting - Pitching for Louisville Bats : LHP Zach Masengill
Batting: SHB Nick Chandler 0-0: Called Strike
0-1: Called Strike
0-2: Ball
1-2: Foul Ball, location: 2F
1-2: Ground out U3 (Groundball, 34, EV 107.5 MPH)
Batting: SHB R.J. Vargas 0-0: Ball
1-0: Foul Ball, location: 2F
1-1: Ball
2-1: Ground out U3 (Groundball, 13, EV 85.0 MPH)
Batting: SHB Tim Hone 0-0: Ball
1-0: Ball
2-0: Fly out, F8 (Flyball, 8LD, EV 98.1 MPH)
Top of the 3rd over - 0 runs, 0 hits, 0 errors, 0 left on base; Iowa 0 - Louisville 0
BOTTOM OF THE 3RD
Louisville Bats batting - Pitching for Iowa Cubs : RHP Josh Ready
Batting: SHB Paul Sandoval 0-0: Ground out 6-3 (Groundball, 6, EV 90.0 MPH)
Pitching: RHP Bryant Bradley
Batting: RHB Chase Briney 0-0: Called Strike
0-1: Foul Ball, location: 2F
0-2: Fly out, F3 (Line Drive, 3, EV 66.2 MPH)
Batting: LHB Randy Racine 0-0: Swinging Strike
0-1: Foul Ball, location: 2F
0-2: Ball
1-2: Ball
2-2: Foul Ball, location: 2F
2-2: Fly out, F4 (Line Drive, 4, EV 68.1 MPH)
Bottom of the 3rd over - 0 runs, 0 hits, 0 errors, 0 left on base; Iowa 0 - Louisville 0
TOP OF THE 4TH
Iowa Cubs batting - Pitching for Louisville Bats : LHP Zach Masengill
Batting: LHB Barend van der Kamp 0-0: Foul Ball, location: 2F
0-1: Foul Ball, location: 2F
0-2: Foul Ball, location: 2F
0-2: Ground out U3 (Groundball, 23, EV 90.0 MPH)
Batting: RHB Francisco Ramirez 0-0: Called Strike
0-1: Swinging Strike
0-2: Ball
1-2: Strikes out swinging
Batting: LHB John Holst 0-0: Foul Ball, location: 2F
0-1: Ball
1-1: Called Strike
1-2: Ball
2-2: Foul Ball, location: 2F
2-2: Strikes out swinging
Top of the 4th over - 0 runs, 0 hits, 0 errors, 0 left on base; Iowa 0 - Louisville 0
BOTTOM OF THE 4TH
Louisville Bats batting - Pitching for Iowa Cubs : RHP Bryant Bradley
Batting: LHB Chris Grunwald 0-0: Ball
1-0: Ball
2-0: Ball
3-0: Base on Balls
Batting: RHB Ricky Carbajal 0-0: SINGLE (Groundball, 13S, EV 66.2 MPH) (infield hit)
Chris Grunwald to second
Batting: RHB Tim Wormell 0-0: Ball
1-0: Foul Ball, location: 2F
1-1: Fly out, F9 (Flyball, 9D, EV 102.5 MPH)
Runner from 2nd tags up, SAFE at 3rd, no throw by RF
Batting: SHB Tim Utz 0-0: Called Strike
0-1: Called Strike
0-2: Ground out 6-3 (Groundball, 56, EV 108.1 MPH)
Chris Grunwald scores
Ricky Carbajal to second
Pitching: RHP Heef Harted
Batting: RHB Gerald de Vries 0-0: Ball
1-0: Foul Ball, location: 2F
1-1: Foul Ball, location: 2F
1-2: Foul Ball, location: 2F
1-2: Ball
2-2: Ball
3-2: Fly out, F8 (Flyball, 8RD, EV 89.4 MPH)
Bottom of the 4th over - 1 run, 1 hit, 0 errors, 1 left on base; Iowa 0 - Louisville 1
TOP OF THE 5TH
Iowa Cubs batting - Pitching for Louisville Bats : LHP Zach Masengill
Batting: RHB Shintaro Katsumata 0-0: Ball
1-0: Ball
2-0: Foul Ball, location: 2F
2-1: Foul Ball, location: 2F
2-2: Ground out 6-3 (Groundball, 6, EV 90.6 MPH)
Batting: LHB Chris Morgan 0-0: Foul Ball, location: 2F
0-1: Foul Ball, location: 2F
0-2: Ball
1-2: Ball
2-2: Foul Ball, location: 2F
2-2: Ball
3-2: Foul Ball, location: 2F
3-2: Base on Balls
DELAY Rain delay of 37 minutes in the 5th inning.
Batting: RHB Peter Croston 0-0: Called Strike
0-1: Called Strike
0-2: Hit by Pitch
Chris Morgan to second
Batting: SHB Nick Chandler 0-0: Ball
1-0: Foul Ball, location: 2F
1-1: Swinging Strike
1-2: Strikes out swinging
Batting: SHB R.J. Vargas 0-0: Called Strike
0-1: Swinging Strike
0-2: Ball
1-2: Fly out, F8 (Flyball, 8RM, EV 90.0 MPH)
Top of the 5th over - 0 runs, 0 hits, 0 errors, 2 left on base; Iowa 0 - Louisville 1
BOTTOM OF THE 5TH
Louisville Bats batting - Pitching for Iowa Cubs : RHP Heef Harted
Batting: RHB Casey Truax 0-0: Ball
1-0: SINGLE (Groundball, 5D, EV 103.8 MPH)
Batting: SHB Paul Sandoval 0-0: Hit by Pitch
Casey Truax to second
Batting: RHB Chase Briney 0-0: Ball
1-0: Foul Ball, location: 2F
1-1: Swinging Strike
1-2: Ball
2-2: Strikes out looking
Batting: LHB Randy Racine 0-0: Ball
1-0: Ball
2-0: Ball
3-0: Called Strike
3-1: Base on Balls
Casey Truax to third
Paul Sandoval to second
Pitching: RHP Willie Ramos
Batting: LHB Chris Grunwald 0-0: Ball
Wild Pitch!
Casey Truax scores
Paul Sandoval to third
Randy Racine to second
1-0: Ball
2-0: Foul Ball, location: 2F
2-1: Ball
3-1: Base on Balls
Batting: RHB Ricky Carbajal 0-0: Called Strike
0-1: SINGLE (Flyball, 8LS, EV 88.8 MPH)
Paul Sandoval scores
Randy Racine to third
Chris Grunwald to second
Batting: RHB Tim Wormell 0-0: Ball
Wild Pitch!
Randy Racine scores
Chris Grunwald to third
Ricky Carbajal to second
1-0: Foul Ball, location: 2F
1-1: Ball
2-1: Ball
3-1: Base on Balls
Batting: SHB Tim Utz 0-0: Foul Ball, location: 2F
0-1: SINGLE (Line Drive, 7S, EV 95.6 MPH)
Chris Grunwald scores
Ricky Carbajal to third
Tim Wormell to second
Runner from 3rd tries for Home, SAFE, throw by LF to home
Batting: RHB Gerald de Vries 0-0: Called Strike
0-1: Ball
1-1: Foul Ball, location: 2F
1-2: Ball
2-2: Ball
3-2: Foul Ball, location: 2F
3-2: Foul Ball, location: 2F
3-2: Base on Balls
Tim Wormell to third
Tim Utz to second
Pitching: RHP Michele Montella
Batting: RHB Casey Truax 0-0: Ball
1-0: Foul Ball, location: 2F
1-1: Ball
2-1: Fielders Choice at 2nd, 5-4 (Groundball, 5, EV 83.8 MPH)
Tim Wormell scores
Tim Utz to third
Batting: SHB Paul Sandoval 0-0: Ball
1-0: Swinging Strike
1-1: Fielders Choice at 2nd, 5-4 (Groundball, 5, EV 79.4 MPH)
Bottom of the 5th over - 6 runs, 3 hits, 0 errors, 2 left on base; Iowa 0 - Louisville 7
TOP OF THE 6TH
Iowa Cubs batting - Pitching for Louisville Bats : LHP Zach Masengill
Batting: SHB Tim Hone 0-0: Called Strike
0-1: Ball
1-1: Ball
2-1: Swinging Strike
2-2: Strikes out looking
Batting: LHB Barend van der Kamp 0-0: Called Strike
0-1: Foul Ball, location: 2F
0-2: SINGLE (Groundball, 34D, EV 95.0 MPH)
Batting: RHB Francisco Ramirez 0-0: Called Strike
0-1: Ball
1-1: Foul Ball, location: 2F
1-2: Ball
2-2: Strikes out looking
Pitching: RHP Tyrese Barnett
Batting: LHB John Holst 0-0: Ball
1-0: Ball
2-0: Ball
3-0: Called Strike
3-1: Called Strike
3-2: Base on Balls
Barend van der Kamp to second
Batting: RHB Shintaro Katsumata 0-0: Fielders Choice at 2nd, 6-4 (Groundball, 6, EV 85.6 MPH)
Top of the 6th over - 0 runs, 1 hit, 0 errors, 2 left on base; Iowa 0 - Louisville 7
BOTTOM OF THE 6TH
Louisville Bats batting - Pitching for Iowa Cubs : RHP Michele Montella
Batting: RHB Chase Briney 0-0: Ball
1-0: Called Strike
1-1: Called Strike
1-2: SOLO HOME RUN (Line Drive, 8LXD, EV 103.1 MPH), Distance : 422 ft
Batting: LHB Randy Racine 0-0: SINGLE (Groundball, 34S, EV 65.6 MPH) (infield hit)
Batting: LHB Chris Grunwald 0-0: Ball
1-0: Ball
2-0: Ball
3-0: Base on Balls
Randy Racine to second
Batting: RHB Ricky Carbajal 0-0: Foul Ball, location: 2F
0-1: Ball
1-1: Called Strike
1-2: Ball
2-2: Ground out U3 (Groundball, 34S, EV 68.1 MPH)
Randy Racine to third
Chris Grunwald to second
Batting: RHB Tim Wormell 0-0: Ball
1-0: Reached on error, E6 (Groundball, 6, EV 83.1 MPH)
Randy Racine scores
Chris Grunwald scores
Pitching: RHP John Criswell
Batting: SHB Tim Utz 0-0: Called Strike
0-1: Ball
1-1: Ball
2-1: Ball
3-1: SINGLE (Groundball, 23, EV 71.2 MPH) (infield hit)
Tim Wormell to third
Batting: RHB Gerald de Vries 0-0: Foul Ball, location: 2F
0-1: Reached on error, E5 (Groundball, 56S, EV 83.8 MPH)
Tim Wormell scores
Tim Utz to second
Batting: RHB Casey Truax 0-0: Called Strike
0-1: Ball
1-1: Foul Ball, location: 2F
1-2: Ball
Wild Pitch!
Tim Utz to third
Gerald de Vries to second
2-2: Ball
3-2: Foul Ball, location: 2F
3-2: Ground out 4-3 (Groundball, 4, EV 85.0 MPH)
Tim Utz scores
Gerald de Vries to third
Batting: SHB Paul Sandoval 0-0: Ball
1-0: Ball
2-0: Called Strike
2-1: Foul Ball, location: 2F
2-2: Strikes out looking
Bottom of the 6th over - 5 runs, 3 hits, 2 errors, 1 left on base; Iowa 0 - Louisville 12
TOP OF THE 7TH
Iowa Cubs batting - Pitching for Louisville Bats : RHP Tyrese Barnett
Batting: LHB Chris Morgan 0-0: Ball
1-0: Foul Ball, location: 2F
1-1: Swinging Strike
1-2: Strikes out swinging
Batting: RHB Peter Croston 0-0: Called Strike
0-1: Foul Ball, location: 2F
0-2: Ball
1-2: Ball
2-2: Strikes out swinging
Batting: SHB Nick Chandler 0-0: Called Strike
0-1: Ball
1-1: Called Strike
1-2: Foul Ball, location: 2F
1-2: Strikes out looking
Top of the 7th over - 0 runs, 0 hits, 0 errors, 0 left on base; Iowa 0 - Louisville 12
BOTTOM OF THE 7TH
Louisville Bats batting - Pitching for Iowa Cubs : RHP John Criswell
Batting: RHB Chase Briney 0-0: Ball
1-0: Ball
2-0: Ball
3-0: Base on Balls
Batting: LHB Randy Racine 0-0: Ball
1-0: Ball
Wild Pitch!
Chase Briney to second
2-0: Ball
3-0: Base on Balls
Batting: LHB Chris Grunwald 0-0: Ball
1-0: Called Strike
1-1: Called Strike
1-2: Ball
2-2: Strikes out swinging
Pinch Hitting: LHB Manny Ruvalcaba 0-0: Ball
1-0: Foul Ball, location: 2F
1-1: Ball
2-1: Ball
3-1: Called Strike
3-2: Base on Balls
Chase Briney to third
Randy Racine to second
Batting: RHB Tim Wormell 0-0: Ball
1-0: Swinging Strike
1-1: Ball
2-1: Foul Ball, location: 2F
2-2: GRAND SLAM HOME RUN (Flyball, 7D, EV 101.2 MPH), Distance : 379 ft
Pitching: RHP Jason Ostrom
Batting: SHB Tim Utz 0-0: Ball
1-0: Foul Ball, location: 2F
1-1: Ball
2-1: Ball
3-1: Fly out, F7 (Flyball, 7S, EV 88.1 MPH)
Batting: RHB Gerald de Vries 0-0: Swinging Strike
0-1: Fly out, F7 (Flyball, 7D, EV 98.1 MPH)
Bottom of the 7th over - 4 runs, 1 hit, 0 errors, 0 left on base; Iowa 0 - Louisville 16
TOP OF THE 8TH
Iowa Cubs batting - Pitching for Louisville Bats : RHP Tyrese Barnett
Now in RF: Manny Ruvalcaba
Batting: SHB R.J. Vargas 0-0: Ground out 5-3 (Groundball, 5, EV 100.0 MPH)
Batting: SHB Tim Hone 0-0: Called Strike
0-1: Swinging Strike
0-2: Strikes out swinging
Batting: LHB Barend van der Kamp 0-0: Called Strike
0-1: Ground out 6-3 (Groundball, 6M, EV 105.6 MPH)
Top of the 8th over - 0 runs, 0 hits, 0 errors, 0 left on base; Iowa 0 - Louisville 16
BOTTOM OF THE 8TH
Louisville Bats batting - Pitching for Iowa Cubs : RHP Jason Ostrom
Batting: RHB Casey Truax 0-0: Ball
1-0: Foul Ball, location: 2F
1-1: Ball
2-1: Ground out 6-3 (Groundball, 6, EV 93.1 MPH)
Batting: SHB Paul Sandoval 0-0: Ball
1-0: Fly out, F9 (Flyball, 9D, EV 91.9 MPH)
Batting: RHB Chase Briney 0-0: Called Strike
0-1: Swinging Strike
0-2: Fly out, F9 (Line Drive, 9, EV 100.6 MPH)
Bottom of the 8th over - 0 runs, 0 hits, 0 errors, 0 left on base; Iowa 0 - Louisville 16
TOP OF THE 9TH
Iowa Cubs batting - Pitching for Louisville Bats : RHP Tyrese Barnett
Batting: RHB Francisco Ramirez 0-0: Ball
1-0: Ball
2-0: Swinging Strike
2-1: Ball
3-1: Called Strike
3-2: Base on Balls
Batting: LHB John Holst 0-0: Ball
1-0: Fly out, F8 (Flyball, 8RXD, EV 76.2 MPH)
Batting: RHB Shintaro Katsumata 0-0: Ball
1-0: Swinging Strike
1-1: Swinging Strike
1-2: Strikes out swinging
Batting: LHB Chris Morgan 0-0: Foul Ball, location: 2F
0-1: Ball
1-1: Ball
2-1: Called Strike
2-2: Ball
3-2: Foul Ball, location: 2F
3-2: Strikes out swinging
Top of the 9th over - 0 runs, 0 hits, 0 errors, 1 left on base; Iowa 0 - Louisville 16
Wednesday, June 22nd , 2022 - OOTP Baseball 23.4 Build 64